 Dungeon Crawl Stone Soup version 0.27.1-3-gb3d3a73c9e (webtiles) character file.

Game seed: 14566367489806879014

460 vatarom the Insei (level 7, -14/46 HPs)
             Began as an Octopode Transmuter on Oct 10, 2021.
             Was an Initiate of Cheibriados.
             Demolished by a gnoll sergeant (16 damage)
             ... on level 5 of the Dungeon.
             The game lasted 00:16:09 (5215 turns).

vatarom the Insei (Octopode Transmuter)             Turns: 5215, Time: 00:16:09

Health: -14/46     AC:  1    Str: 11    XL:     7   Next: 7%
Magic:  9/11       EV: 14    Int: 16    God:    Cheibriados [......]
Gold:   196        SH:  0    Dex: 21    Spells: 4/12 levels left

rFire    . . .     SeeInvis .     - Unarmed
rCold    . . .     Faith    .   (no shield)
rNeg     . . .     Spirit   .   (helmet restricted)
rPois    .         Reflect  .   (no amulet)
rElec    +         Harm     .   a - +6 ring of dexterity
rCorr    .         Rampage  .   (no ring)
Will     .....                  (no ring)
Stlth    ++++......             (no ring)
HPRegen  0.15/turn              (no ring)
MPRegen  0.12/turn              (no ring)
                                (no ring)
                                (no ring)

@: very slow
A: almost no armour, amphibious, 8 rings, camouflage 1, gelatinous body 1,
(nimble swimmer 1), tentacles, electricity resistance
a: Renounce Religion, Bend Time


You were on level 5 of the Dungeon.
You worshipped Cheibriados.
Cheibriados was noncommittal.
You visited 1 branch of the dungeon, and saw 5 of its levels.

You collected 196 gold pieces.

Inventory:

Missiles
 e - 14 stones (quivered)
 g - 4 boomerangs
Jewellery
 a - a +6 ring of dexterity (left tentacle)
Scrolls
 d - a scroll of vulnerability
 f - a scroll of silence {unknown}
Potions
 b - a potion of resistance


   Skills:
 + Level 3.4 Fighting
 - Level 2.0 Dodging
 + Level 3.8 Stealth
 + Level 4.2 Unarmed Combat
 * Level 3.2 Spellcasting
 + Level 3.4 Transmutations
 - Level 1.9 Poison Magic


You had 4 spell levels left.
You knew the following spells:

 Your Spells              Type           Power      Damage    Failure   Level
a - Beastly Appendage     Tmut           26%        N/A       4%          1
b - Spider Form           Tmut/Pois      5%         N/A       19%         3
c - Ice Form              Ice/Tmut       8%         N/A       65%         4

Your spell library contained the following spells:

 Spells                   Type           Power      Damage    Failure   Level
 Wereblood                Tmut           13%        N/A       7%          2


Dungeon Overview and Level Annotations

Branches:
Dungeon (5/15)
 Temple: D:4-7

Altars:
Cheibriados
Uskayaw
Vehumet
Xom
Yredelemnul

Shops:
D:1 *   D:2 (

Annotations:
D:2 exclusions: gnoll and upstairs, Jessica, Sigmund
D:3 3 runed translucent doors, exclusion: scorpion


Innate Abilities, Weirdness & Mutations

You cannot wear most types of armour.
You are amphibious.
You can wear up to eight rings at the same time.
Your skin changes colour to match your surroundings (Stealth+).
Your rubbery body absorbs attacks. (AC +1, EV +1)
((You are camouflaged near water. (Stealth+)))
You have tentacles for arms and can constrict up to eight enemies at once.
You are resistant to electric shocks. (rElec)


Message History

The gnoll closely misses you. The gnoll sergeant closely misses you.
The gnoll misses you.
You barely miss the gnoll.
You kill the gnoll!
Cheibriados thoroughly appreciates the change of pace.
The gnoll completely misses you.
The gnoll hits you from afar with a +0 spear.
You hit the gnoll.
The gnoll is moderately wounded.
The gnoll hits you with a +0 club!
The gnoll hits you from afar with a +0 spear.
You hit the gnoll sergeant.
The gnoll sergeant is lightly wounded.
The gnoll hits you but does no damage.
The gnoll sergeant hits you with a +0 trident!
* * * LOW HITPOINT WARNING * * *
The gnoll misses you.
Okay, then.
You feel better. The gnoll completely misses you.
The gnoll sergeant barely misses you. The gnoll closely misses you.
You hit the gnoll sergeant.
The gnoll sergeant is poisoned.
The gnoll sergeant is moderately wounded.
The gnoll misses you.
The gnoll sergeant completely misses you.
The gnoll barely misses you.
You hit the gnoll.
The gnoll is poisoned.
The gnoll is moderately wounded.
The gnoll hits you with a +0 club.
* * * LOW HITPOINT WARNING * * *
The gnoll sergeant barely misses you.
You hit the gnoll sergeant but do no damage.
The gnoll sergeant looks even sicker.
The gnoll sergeant is moderately wounded.
Your transformation has ended.
The gnoll hits you from afar with a +0 spear.
* * * LOW HITPOINT WARNING * * *
The gnoll hits you with a +0 club.
* * * LOW HITPOINT WARNING * * *
The gnoll sergeant hits you with a +0 trident!
You die...

## ##.≈.#...#.≈.........
###.##..≈.#._.#.≈....##..#
##....#..≈.#...#.≈........#
#........≈.#.###.≈...##....
#..##.##.≈..........# #....
..#####.≈≈≈≈≈≈≈≈≈.....[###
..(...................###>
........g..###...##... ##
...g....#@## ..## #... #
........#g# .. #...
.......gg).....# ....
.........#....... ##.......
#...... .......## ......
....#.. ...... ...##. .....
.. ## ....#


You could see a gnoll sergeant (very poisoned) and 2 gnolls.

Vanquished Creatures
  An ogre (D:4)
  A phantom (D:5)
  A water moccasin zombie (D:3)
  A hound (D:4)
  A jelly (D:5)
  An iguana (D:4)
  An orc wizard (D:4)
  2 gnolls (D:5)
  5 adders
  2 worms
  A dart slug (D:4)
  8 orcs
  3 ball pythons
  5 endoplasms
  5 giant cockroaches
  8 goblins
  4 hobgoblins
  2 jackals (D:3)
  2 quokkas
  A bat (D:3)
  3 frilled lizards
  A jackal skeleton (D:4)
  A kobold (D:1)
  A rat (D:3)
61 creatures vanquished.

Notes
Turn   | Place    | Note
-------+----------+-------------------------------------------
     0 | D:1      | vatarom the Octopode Transmuter began the quest for the
                  | Orb.
     0 | D:1      | Reached XP level 1. HP: 13/13 MP: 3/3
   357 | D:1      | Reached XP level 2. HP: 15/18 MP: 3/5
   373 | D:1      | Found Raocafee's General Store.
   792 | D:1      | Reached skill level 1 in Stealth
   934 | D:2      | Noticed Sigmund
   988 | D:2      | Found a faded altar of an unknown god.
   989 | D:2      | Noticed Jessica
  1093 | D:2      | Reached XP level 3. HP: 6/24 MP: 4/6
  1434 | D:2      | Found Ceria's Weapon Shoppe.
  1675 | D:2      | Learned a level 3 spell: Spider Form
  2288 | D:3      | Reached XP level 4. HP: 27/30 MP: 3/7
  2291 | D:3      | Reached skill level 1 in Poison Magic
  2629 | D:3      | Found a runed translucent gate.
  2629 | D:3      | Found a runed translucent gate.
  2629 | D:3      | Found a runed translucent gate.
  2629 | D:3      | Noticed a scorpion
  2656 | D:3      | Found a hide-covered altar of Uskayaw.
  2685 | D:3      | Reached XP level 5. HP: 24/36 MP: 5/8
  3338 | D:4      | Gained mutation: You are resistant to electric shocks.
                  | (rElec) [potion of mutation]
  3401 | D:4      | Found a snail-covered altar of Cheibriados.
  3409 | D:4      | Became a worshipper of Cheibriados the Contemplative
  3660 | D:4      | Noticed an ogre
  3669 | D:4      | Killed an ogre
  3670 | D:4      | Reached XP level 6. HP: 42/42 MP: 5/9
  3742 | D:4      | Found a shimmering altar of Xom.
  3941 | D:4      | Reached skill level 4 in Unarmed Combat
  3966 | D:4      | Learned a level 4 spell: Ice Form
  4495 | D:5      | Entered Level 5 of the Dungeon
  4506 | D:5      | Found a radiant altar of Vehumet.
  4814 | D:5      | Reached XP level 7. HP: 22/46 MP: 8/11
  5160 | D:5      | Found a basalt altar of Yredelemnul.
  5215 | D:5      | HP: 2/46 [gnoll (4)]
  5215 | D:5      | Demolished by a gnoll sergeant

Illustrated notes

Levels and vault maps discovered:
D:1:      lemuel_arrival_broad_hall, layout_loops_ring, serial_shops, shop
D:2:      minmay_diamond_boxcup, layout_loops_ring,
          shapermc_ecumenical_altar_starsandcircs, serial_shops,
          nicolae_shop_stone, uniq_sigmund, uniq_jessica
D:3:      layout_rooms, mainiacjoe_overflow_paths, ebering_ghost_gozag,
          serial_curves, eino_curves_02, eino_curves_01, eino_curves_03
D:4:      layout_layer_cave, nicolae_overflow_crystal_walls,
          nicolae_overflow_hidden_temple, kennysheep_potato
D:5:      layout_cave_pools, mainiacjoe_overflow_brackets, fiery_altar_vehumet,
          minmay_crystal_water, minmay_chambers_of_fives

Skill      XL: |  1  2  3  4  5  6 |
---------------+-------------------+-----
Stealth        | 1 2 3 |  3.8
Fighting       | 2 3 |  3.4
Poison Magic   | 1 |  1.9
Transmutations | 3 |  3.4
Unarmed Combat | 4 |  4.2
Spellcasting   | 3 |  3.2
Dodging        | |  2.0

Action                   |  1- 3 |  4- 6 |  7- 9 || total
-------------------------+-------+-------+-------++-------
Melee: Unarmed           |    87 |    85 |    16 ||   188
       Constrict         |    17 |     6 |     1 ||    24
       Kick              |    20 |     8 |     1 ||    29
       Tentacles         |    13 |     2 |       ||    15
       Punch             |     2 |       |       ||     2
Throw: Stone             |       |    25 |     5 ||    30
 Cast: Beastly Appendage |    20 |     6 |     1 ||    27
       Spider Form       |     2 |     8 |     1 ||    11
 Abil: End Transformatio |       |       |     1 ||     1
  Use: Scroll            |     6 |     3 |       ||     9
       Potion            |     2 |     3 |     1 ||     6
 Stab: Sleeping          |     4 |     2 |       ||     6
Armor: Skin              |     6 |     6 |     2 ||    14
Dodge: Dodged            |    39 |    57 |    22 ||   118
